 Dungeon Crawl Stone Soup version 0.15-a0-717-ga3c592f (webtiles) character file.

33446 Piculus the Black Belt (level 13, -22/74 HPs)
             Began as a Vine Stalker Monk on Mar 21, 2014.
             Was a High Priest of Fedhas.
             Killed from afar by a frost giant (46 damage)
             ... with a bolt of cold
             ... in an ice cave on May 10, 2014.
             The game lasted 02:41:46 (16245 turns).

Piculus the Black Belt (Vine Stalker Monk)         Turns: 16245, Time: 02:41:46

HP -22/74        AC 14     Str 15      XL: 13   Next: 71%
MP   0/24        EV 19     Int 10      God: Fedhas [*****.]
Gold 1137        SH  0     Dex 23      Spells:  1 memorised,  9 levels left

rFire  . . .     SeeInvis .       - Unarmed
rCold  . . .     Clarity  +     H - +1 robe
rNeg   . . .     Conserve .     (no shield)
rPois  .         rCorr    .     y - +0 helmet
rElec  .         rRot     +     k - +1 cloak {+Inv}
SustAb . .       Spirit   +     i - +2 pair of gloves "Hiuti" {Dex+2 Acc+3 Curse}
rMut   .         Warding  .     L - +0 pair of boots
Gourm  .         Stasis   .     m - amulet of clarity
MR     ++...                    O - ring of protection from magic
                                X - +4 ring of protection

@: about to teleport, very resistant to hostile enchantments, fairly stealthy
A: fangs 3, regeneration 3, magic shield, antimagic bite, no device heal 2
a: Evolution, Sunlight, Growth, Reproduction, Rain, Renounce Religion, Evoke
Invisibility


You were in an ice cave.
You worshipped Fedhas.
Fedhas was extremely pleased with you.
You were hungry.

You visited 2 branches of the dungeon, and saw 16 of its levels.
You also visited: Bailey and Ice Cave.

You collected 1137 gold pieces.


Innate Abilities, Weirdness & Mutations

You are immune to rotting.
You have razor-sharp teeth.
You regenerate.
When hurt, damage is shared between your health and your magic reserves.
Your bite disrupts and absorbs the magic of your enemies.
Potions and wands cannot restore your health.


   Skills:
 + Level 11.9 Fighting
 - Level 0.2 Armour
 - Level 6.7 Dodging
 - Level 2.5 Stealth
 + Level 16.4 Unarmed Combat
 - Level 5.7 Evocations


You had 9 spell levels left.
You knew the following spells:

 Your Spells              Type           Power        Failure   Level  Hunger
f - Flight                Chrm/Air       #.........   92%         3    ####...

Inventory:

Missiles
 e - 2 poisoned darts (quivered)
 v - 5 tomahawks of returning
Armour
 i - the cursed +2 pair of gloves "Hiuti" (worn) {Dex+2 Acc+3 Curse}
   (You found it in a bailey)

   It affects your dexterity (+2).
   It affects your accuracy with ranged weapons and melee attacks (+3).
   It may recurse itself when equipped.
   It has a curse placed upon it.
 k - a +1 cloak of darkness (worn)
 y - a +0 helmet (worn)
 H - a +1 robe (worn)
 L - a +0 pair of boots (worn)
Magical devices
 h - a wand of lightning (4)
 t - a wand of confusion (7)
 B - a wand of lightning (2)
 M - a wand of digging (9)
Comestibles
 b - 10 bread rations
 c - a sausage
 f - 4 meat rations
 j - 6 pears
 q - 2 chunks of polar bear flesh {@*1}
 F - a choko
 N - 3 grapes
 P - 4 apples
Scrolls
 g - a scroll of teleportation
 l - 2 scrolls of recharging
 n - a scroll of amnesia
 o - 4 scrolls of fog
 p - a scroll of blinking
 u - 4 scrolls of enchant weapon I
 w - 5 scrolls of magic mapping
 x - 10 scrolls of identify
 z - 9 scrolls of remove curse
 D - a scroll of silence
 S - a scroll of enchant weapon II
 T - 2 scrolls of immolation {!r}
 W - 2 scrolls of fear
 Y - a scroll of acquirement
Jewellery
 a - an uncursed ring of teleportation
 m - an amulet of clarity (around neck)
 C - an uncursed amulet of rage
 G - a +3 ring of dexterity
 O - a ring of protection from magic (right hand)
 R - an uncursed ring of invisibility
 X - a +4 ring of protection (left hand)
Books
 E - a book of Envenomations

   Spells                             Type                      Level
   Spider Form                        Transmutation/Poison         3
   Alistair's Intoxication            Transmutation/Poison         4
   Olgreb's Toxic Radiance            Poison                       4
   Poisonous Cloud                    Conjuration/Poison/Air       6
Miscellaneous
 I - a disc of storms
 Q - a plain deck of defence
Rods
 U - a +0 rod of clouds (9/9) {!a}
   (You found it on level 9 of the Dungeon)

Dungeon Overview and Level Annotations

Branches:
Dungeon (10/15)            Temple (0/1) D:4             Orc (0/4) D:9
   Lair (6/8) D:10         Shoals (0/5) Lair:4       Spider (0/5) Lair:5
  Slime: Lair:6-8

Altars:
Ashenzari
Cheibriados
Elyvilon
Fedhas
Kikubaaqudgha
Nemelex Xobeh
Okawaru
Vehumet
Xom

Annotations:
D:10 Joseph IceCv exclusion: ice statue

░≈≈≈≈≈≈░ ▒▒····▒▒▒▒▒▒▒▒▒ ▒▒▒▒·
░░≈≈≈≈░░ ▒▒▒·▒▒▒▒▒····▒ ▒▒
░░≈≈≈≈░ ▒▒▒▒▒▒▒···▒··▒▒▒ ░░≈≈≈░░
▒·▒▒▒▒··▒▒▒▒···▒▒▒ ░░░≈≈░
▒·····▒▒▒≈≈▒▒····▒▒ ░░░░░≈≈░░
▒▒··▒▒▒░≈≈≈≈▒▒····▒ ▒▒
░░≈≈≈≈≈≈≈░░░▒▒···▒ ≈≈≈ ▒▒▒··▒▒▒▒·
≈░≈≈≈≈░░≈≈≈░ ▒··▒▒▒≈≈▒▒▒PPP▒▒▒·▒▒
░≈≈≈░≈≈≈≈≈▒░ ▒▒·f·▒▒≈▒··P▒▒▒▒·▒▒▒
░░≈≈≈≈░≈▒≈≈▒▒ ▒▒▒··▒≈▒▒···▒▒▒▒·▒·
░░░░≈≈≈≈≈≈≈≈▒▒▒▒··▒▒≈≈▒▒▒···▒▒PP·
◦∩░░≈≈≈≈≈≈≈≈≈≈▒▒▒C·▒▒≈≈≈▒▒▒···P▒▒
░░░≈≈≈▒≈≈▒≈≈≈≈≈▒▒▒Y·▒░≈≈≈░▒▒▒▒▒▒
≈≈≈≈▒▒▒▒▒≈≈≈▒▒▒▒≈≈·▒▒░≈≈≈≈≈░░
≈≈▒▒▒YC·▒▒≈≈≈▒C≈▒▒▒▒ ░░≈≈≈≈≈░
≈▒▒··▒▒··≈▒≈Y≈≈▒▒ ░ ░░≈≈░░░
░▒·C▒▒▒▒▒·≈≈▒≈≈≈▒▒▒░░≈░░░ ░


You could see a frost giant and a yak.


Message History

The bolt of cold hits you!
* * * LOW HITPOINT WARNING * * *
You are feeling hungry.
The frost giant falters for a moment.
Some of the chunks of flesh in your inventory have completely rotted away.
Read which item? (? for menu, Esc to quit)
As you read the scroll of teleportation, it crumbles to dust.
You feel strangely unstable.
You enter the shallow water.
Moving in this stuff is going to be slow.
Your surroundings seem slightly different.
Splash!
The wolf barely misses you.
A wolf comes into view.
The wolf splashes around in the water.
The wolf misses you. The wolf bites you but does no damage.
You punch the wolf!
The wolf is severely wounded.
The wolf bites you but does no damage.
You punch the wolf!
You kill the wolf!
Read which item? (? for menu, Esc to quit)
As you read the scroll of teleportation, it crumbles to dust.
You feel strangely unstable.
The frost giant gestures at you while chanting.
The bolt of cold hits you!
Ouch! That really hurt!
You die...
Fedhas appreciates your contribution to the ecosystem.

Action                   |  1- 3 |  4- 6 |  7- 9 | 10-12 | 13-15 || total
-------------------------+-------+-------+-------+-------+-------++-------
Melee: Unarmed           |    72 |   177 |   269 |   637 |   235 ||  1390
Throw: Dart              |       |       |       |     2 |       ||     2
Invok: Evolution         |       |       |    10 |    13 |     2 ||    25
       Sunlight          |       |       |       |     8 |       ||     8
Evoke: Wand              |     1 |       |     7 |    11 |     1 ||    20
       Rod               |       |       |     1 |     4 |       ||     5
       Disc of storms    |       |       |       |     1 |       ||     1
  Use: Scroll            |     2 |     5 |    18 |    11 |     3 ||    39
       Potion            |       |       |       |     6 |     2 ||     8
 Stab: Sleeping          |     3 |     3 |     8 |     9 |     2 ||    25
       Confused          |       |       |     5 |     3 |       ||     8
       Distracted        |       |       |     2 |     6 |     1 ||     9
       Fleeing           |       |       |       |       |     2 ||     2

Vault maps used:
D:1:      shiori_arrival_oz, serial_forest, infiniplex_forest_lined_corner,
          infiniplex_forest_join, infiniplex_forest_clump_small,
          infiniplex_forest_clump_small, infiniplex_forest_straight_1,
          infiniplex_forest_clump_curved, infiniplex_forest_lined_room_,
          infiniplex_forest_straight_4
D:2:      kennysheep_the_goblin_king, uniq_terence, uniq_crazy_yiuf_cottage,
          uniq_jessica
D:3:      first_bread, minmay_close_crescents, uniq_natasha
D:4:      grunt_temple_overflow_open, temple_statues
D:5:      kennysheep_kobold_camp, nicolae_overflow_hidden_temple
D:6:      basic_altar
D:7:      uniq_sigmund
D:8:      hangedman_tree_tricks, eino_small_chamber_without_monster,
          hangedman_decor_slide_cut, uniq_edmund
D:9:      nemelex_xobeh_ov_fountains_minmay, old_standard_altar, enter_bailey_8
D:10:     cheibrodos_breeding_chamber, uniq_maurice, uniq_joseph
Lair:1:   minmay_holes, serial_bayou_pond_e
Lair:2:   lemuel_strawberry_fields, lemuel_strawberry_fields
Lair:3:   dpeg_oklob_gauntlet, uniq_gastronok
Lair:4:   minmay_shoals_entry_centaurs
Lair:5:   spider_nest_entry_web_field, serial_bayou_lagoon_a,
          grunt_forest_small_clearings
Lair:6:   portal_ice_cave_entry_ice_beasts, lookout_lair_type, disabler_island,
          infiniplex_staircase_pool
Bailey:   bailey_polearm_1, bailey
IceCv:    ice_cave_caverns_03

Notes
Turn   | Place    | Note
--------------------------------------------------------------
     0 | D:1      | Piculus, the Vine Stalker Monk, began the quest for the Orb.
     0 | D:1      | Reached XP level 1. HP: 11/11 MP: 1/1
    78 | D:1      | HP: 3/11 [poisoned by a kobold]
    86 | D:1      | HP: 3/11 [poisoned by a kobold]
    94 | D:1      | HP: 3/11 [poisoned by a kobold]
   392 | D:1      | Reached XP level 2. HP: 16/16 MP: 3/3
   847 | D:2      | Noticed Jessica
   903 | D:2      | Killed Jessica
   903 | D:2      | Reached XP level 3. HP: 19/19 MP: 4/4
   905 | D:2      | Upgraded the game from 0.14-a0-3405-g7f0333e to 0.14-a0-3509-g488b3d4
   979 | D:2      | Noticed Terence
   991 | D:2      | Killed Terence
   991 | D:2      | Reached skill level 5 in Unarmed Combat
  1134 | D:2      | Upgraded the game from 0.14-a0-3509-g488b3d4 to 0.15-a0-717-ga3c592f
  1480 | D:2      | Noticed Crazy Yiuf
  1535 | D:3      | HP: 4/19 [giant cockroach (2)]
  1622 | D:3      | Reached XP level 4. HP: 23/23 MP: 5/5
  1626 | D:3      | Noticed grisnicke's ghost (average DsNe)
  1646 | D:3      | HP: 6/23 [grisnicke's ghost (3)]
  1781 | D:3      | HP: 6/23 [grisnicke's ghost (1)]
  1785 | D:3      | HP: 2/23 [grisnicke's ghost (5)]
  1791 | D:3      | Killed grisnicke's ghost
  1791 | D:3      | Reached skill level 6 in Unarmed Combat
  1791 | D:3      | Reached XP level 5. HP: 2/27 MP: 2/7
  2319 | D:3      | Noticed Natasha
  2482 | D:3      | Reached skill level 7 in Unarmed Combat
  2482 | D:3      | Gained mutation: You heal very quickly. [vine stalker growth]
  2482 | D:3      | Reached XP level 6. HP: 32/32 MP: 8/8
  2564 | D:3      | Killed Natasha
  2681 | D:2      | Killed Crazy Yiuf
  3220 | D:4      | Found a shimmering altar of Xom.
  3224 | D:4      | Found a white marble altar of Elyvilon.
  3226 | D:4      | Found an ancient bone altar of Kikubaaqudgha.
  3228 | D:4      | Found a shattered altar of Ashenzari.
  3228 | D:4      | Found a blossoming altar of Fedhas.
  3243 | D:4      | Became a worshipper of Fedhas Madash
  3243 | D:4      | Acquired Fedhas' first power
  3243 | D:4      | Acquired Fedhas' second power
  3396 | D:4      | Reached skill level 8 in Unarmed Combat
  3400 | D:4      | Reached XP level 7. HP: 35/35 MP: 9/9
  3753 | D:4      | Found a staircase to the Ecumenical Temple.
  3882 | D:5      | Entered Level 5 of the Dungeon
  4384 | D:5      | Found an iron altar of Okawaru.
  4422 | D:5      | Reached skill level 9 in Unarmed Combat
  4879 | D:5      | Acquired Fedhas' third power
  5182 | D:6      | HP: 9/35 [orc/trident (5)]
  5278 | D:6      | Found a radiant altar of Vehumet.
  5410 | D:6      | Gained mutation: You have razor-sharp teeth. [vine stalker growth]
  5410 | D:6      | Reached XP level 8. HP: 31/39 MP: 11/11
  5506 | D:6      | Reached skill level 3 in Dodging
  5724 | D:6      | Reached skill level 10 in Unarmed Combat
  5913 | D:6      | Reached skill level 4 in Dodging
  6282 | D:7      | Reached XP level 9. HP: 28/43 MP: 6/12
  6378 | D:7      | Noticed Sigmund
  6395 | D:7      | Killed Sigmund
  6395 | D:7      | Reached skill level 5 in Dodging
  6818 | D:8      | Noticed Edmund
  6858 | D:8      | Killed Edmund
  7085 | D:8      | Noticed a wandering mushroom
  7096 | D:8      | Noticed a wandering mushroom
  7097 | D:8      | Found a blossoming altar of Fedhas.
  7097 | D:8      | Noticed a wandering mushroom
  7097 | D:8      | Noticed a wandering mushroom
  7409 | D:8      | Reached skill level 11 in Unarmed Combat
  7483 | D:8      | Killed a wandering mushroom
  7757 | D:9      | Noticed a griffon
  7775 | D:9      | Killed a griffon
  7775 | D:9      | Reached skill level 6 in Dodging
  7811 | D:9      | Killed a pile of gold mimic
  7811 | D:9      | Reached skill level 3 in Fighting
  7816 | D:9      | Found a sparkling altar of Nemelex Xobeh.
  7830 | D:9      | Identified a +0 rod of clouds (9/9) (You found it on level 9 of the Dungeon)
  7872 | D:9      | Reached skill level 1 in Evocations
  7872 | D:9      | Reached XP level 10. HP: 36/49 MP: 12/14
  7910 | D:9      | Found a staircase to the Orcish Mines.
  7924 | D:9      | Reached skill level 12 in Unarmed Combat
  7924 | D:9      | Reached skill level 2 in Evocations
  7985 | D:9      | HP: 12/49 [killer bee (4)]
  7990 | D:9      | Reached skill level 4 in Fighting
  7991 | D:9      | HP: 11/49 [poisoned by a killer bee]
  7997 | D:9      | HP: 11/49 [poisoned by a killer bee]
  8003 | D:9      | HP: 13/49 [poisoned by a killer bee]
  8064 | D:9      | Found a snail-covered altar of Cheibriados.
  8183 | D:9      | Reached skill level 3 in Evocations
  8275 | D:9      | Found a flagged portal.
  8310 | Bailey   | Entered a bailey
  8535 | Bailey   | Noticed an orc knight
  8536 | Bailey   | Noticed an orc knight
  8550 | Bailey   | HP: 12/51 [orc warrior/glaive (15)]
  8644 | Bailey   | Reached skill level 5 in Fighting
  8644 | Bailey   | Reached skill level 4 in Evocations
  8644 | Bailey   | Killed an orc knight
  8644 | Bailey   | Killed an orc knight
  8644 | Bailey   | Reached skill level 5 in Evocations
  8651 | Bailey   | Reached XP level 11. HP: 54/56 MP: 19/21
  8655 | Bailey   | Got a pair of dazzling gloves
  8658 | Bailey   | Identified the +2 pair of gloves "Hiuti" {Dex+2 Acc+3 Curse} (You found it in a bailey)
  8803 | D:9      | Learned a level 3 spell: Flight
  9117 | D:9      | Reached skill level 6 in Fighting
  9234 | D:10     | Entered Level 10 of the Dungeon
  9288 | D:10     | Noticed Maurice
  9311 | D:10     | Killed Maurice
  9385 | D:10     | HP: 9/56 [white ugly thing (14)]
  9388 | D:10     | HP: 1/56 [white ugly thing (6)]
  9589 | D:10     | Reached skill level 13 in Unarmed Combat
  9649 | D:10     | Noticed Joseph
  9798 | D:10     | Found a staircase to the Lair.
  9917 | Lair:1   | Entered Level 1 of the Lair of Beasts
 10748 | Lair:2   | Noticed a five-headed hydra
 10761 | Lair:2   | HP: 13/58 [five-headed hydra (8)]
 10766 | Lair:2   | HP: 11/58 [poisoned by a black mamba]
 10772 | Lair:2   | HP: 11/58 [poisoned by a black mamba]
 10781 | Lair:2   | HP: 13/58 [poisoned by a black mamba]
 10789 | Lair:2   | HP: 16/58 [poisoned by a black mamba]
 10847 | Lair:2   | Reached skill level 7 in Fighting
 11490 | Lair:2   | Killed a five-headed hydra
 11490 | Lair:2   | Reached skill level 8 in Fighting
 11816 | Lair:2   | Acquired Fedhas' fourth power
 12066 | Lair:3   | Noticed Gastronok
 12125 | Lair:3   | Killed Gastronok
 12125 | Lair:3   | Reached skill level 14 in Unarmed Combat
 12125 | Lair:3   | Gained mutation: You regenerate. [vine stalker growth]
 12125 | Lair:3   | Reached XP level 12. HP: 65/65 MP: 23/23
 13132 | Lair:4   | Found a staircase to the Shoals.
 13375 | Lair:4   | Reached skill level 9 in Fighting
 13464 | Lair:4   | HP: 14/66 [polar bear (20)]
 13804 | Lair:4   | Noticed an eight-headed hydra
 13896 | Lair:4   | Killed an eight-headed hydra
 14174 | Lair:5   | Acquired Fedhas' fifth power
 14219 | Lair:5   | Identified 2 scrolls of acquirement
 14272 | Lair:5   | Found a hole to the Spider Nest.
 14362 | Lair:5   | Gained mutation: You are partially covered in rough black scales (AC +4, Dex -1). [potion of beneficial mutation]
 14363 | Lair:5   | Lost mutation: You are partially covered in rough black scales (AC +4, Dex -1). [potion of cure mutation]
 14434 | Lair:5   | Reached skill level 15 in Unarmed Combat
 14477 | Lair:5   | Reached skill level 10 in Fighting
 15172 | Lair:6   | Reached XP level 13. HP: 54/72 MP: 18/24
 15443 | Lair:6   | Reached skill level 11 in Fighting
 15668 | Lair:6   | Found a frozen archway.
 15704 | IceCv    | Entered an ice cave
 15798 | IceCv    | Reached skill level 16 in Unarmed Combat
 16203 | IceCv    | Noticed a frost giant
 16220 | IceCv    | HP: 4/74 [frost giant/bolt of cold (33)]
 16245 | IceCv    | Killed from afar by a frost giant

Vanquished Creatures
  Gastronok (Lair:3)
  6 death yaks
  2 orc knights (Bailey)
  3 griffons
  Maurice (D:10)
  A black mamba (Lair:5)
  An item mimic (D:9)
  3 komodo dragons
  8 spiny frogs
  A troll (D:9)
  A fire drake (Lair:5)
  A deep elf mage (D:10)
  6 blink frogs (Lair:4)
  11 polar bears
  2 two-headed ogres
  A basilisk (Lair:3)
  36 yaks
  4 sharks
  2 ugly things (D:10)
  5 hippogriffs
  4 orc warriors (Bailey)
  6 porcupines
  5 water moccasins
  17 wolves
  3 ogres
  A black bear (D:9)
  A sky beast (D:9)
  9 ice beasts
  The ghost of grisnicke the Grave Robber, an average DsNe of Yredelemnul (D:3)
  5 crocodiles
  6 giant slugs
  A big kobold (D:5)
  8 giant frogs
  3 scorpions
  4 killer bees (D:9)
  A hippogriff skeleton (D:9)
  4 electric eels
  A troll skeleton (D:5)
  4 crimson imps
  2 goliath beetles
  4 hounds
  5 big fish
  A jelly (D:10)
  Crazy Yiuf (D:2)
  2 giant frog skeletons
  2 worker ants
  Natasha (D:3)
  8 iguanas
  7 orc wizards
  9 sheep
  A killer bee zombie (D:9)
  An ogre zombie (D:6)
  Jessica (D:2)
  Terence (D:2)
  A hound skeleton (D:5)
  7 gnolls (D:4)
  5 green rats
  2 orc zombies (D:5)
  A shadow imp (D:4)
  13 adders
  2 giant mites
  2 worms
  An orc skeleton (D:7)
  5 giant geckos
  An ooze (D:4)
  30 orcs
  A bat zombie (D:5)
  5 giant cockroaches
  11 goblins
  11 hobgoblins
  14 jackals
  31 kobolds
  11 quokkas
  17 bats
  2 giant newts
  A hobgoblin skeleton (D:4)
  18 rats
418 creatures vanquished.

Vanquished Creatures (collateral kills)
  2 hydras
  A death yak (Lair:6)
  A griffon (D:9)
  A black mamba (Lair:2)
  A komodo dragon (Lair:3)
  2 spiny frogs (Lair:3)
  A troll (D:9)
  2 blink frogs (Lair:4)
  4 yaks
  A hungry ghost (D:7)
  A hippogriff (D:9)
  Edmund (D:8)
  A water moccasin (Lair:3)
  An orc warrior (D:7)
  A porcupine (Lair:2)
  7 centaurs
  An ice beast (D:7)
  2 ogres
  A crocodile (Lair:2)
  Sigmund (D:7)
  An electric eel (Lair:3)
  A quasit (D:10)
  5 killer bees
  2 jellies (D:6)
  2 sheep (Lair:4)
  A scorpion zombie (D:7)
  A shadow imp (D:7)
  A giant mite (D:6)
  8 orcs
  4 jackals
  A bat (D:8)
  7 kobolds
  A butterfly (Lair:2)
68 creatures vanquished.

Vanquished Creatures (others)
  3 oklob plants
  A green rat (Lair:5)
  A kobold (D:1)
  A bat (D:8)
  A rat (Lair:6)
  16 wandering mushrooms
  A bush (Lair:6)
  3 fungi
  4 plants
  272 toadstools
303 creatures vanquished.

Grand Total: 789 creatures vanquished
